 Dungeon Crawl Stone Soup version 0.28-a0-1616-g050a50673c (webtiles) character file.

Game seed: 8016278002278802593

643 bearlyready the Chopper (level 7, -2/84 HPs)
             Began as a Minotaur Hunter on Jan 19, 2022.
             Slain by Edmund (8 damage)
             ... on level 4 of the Dungeon on Jan 22, 2022.
             The game lasted 00:06:47 (3666 turns).

bearlyready the Chopper (Minotaur Hunter)           Turns: 3666, Time: 00:06:48

Health: -2/84      AC: 23    Str: 19    XL:     7   Next: 26%
Magic:  6/6        EV:  2    Int:  8    God:
Gold:   138        SH:  0    Dex: 12    Spells: 6/6 levels left

rFire   . . .      SeeInvis .   b - +0 war axe
rCold   . . .      Faith    .   (no shield)
rNeg    . . .      Spirit   .   (armour currently unavailable)
rPois   +          Reflect  .   (helmet currently unavailable)
rElec   .          Harm     .   (cloak currently unavailable)
rCorr   .          Rampage  .   (gloves currently unavailable)
Will    .....      NoTele   +   (boots currently unavailable)
Stlth   +.........              (no amulet)
HPRegen 0.24/turn               (no ring)
MPRegen 0.10/turn               (no ring)

@: tree-form, attractive
A: stationary, stasis, torment immunity, boosted hp, (horns 2), (retaliatory
headbutt), agile 1, wild magic 1, MP-powered wands
a: no special abilities


You were on level 4 of the Dungeon.
You were a tree.
You visited 1 branch of the dungeon, and saw 4 of its levels.

You collected 138 gold pieces.

Inventory:

Hand Weapons
 a - a +1 hand crossbow
 b - a +0 war axe (weapon)
 n - a +0 short sword
 t - a +0 battleaxe
Missiles
 d - 19 bolts
Armour
 c - a +0 leather armour
 f - a +0 cloak (melded)
 j - a +0 ring mail
 k - a +0 scale mail (melded)
Scrolls
 e - a scroll of silence {unknown}
 g - 5 scrolls of identify {unknown}
 l - a scroll of noise {unknown}
 o - a scroll of enchant weapon {unknown}
 p - a scroll of enchant armour {unknown}
 r - 2 scrolls of teleportation {unknown}
 u - a scroll of holy word {unknown}
Potions
 i - a potion of cancellation
 q - a potion of mutation


   Skills:
 - Level 2.4 Fighting
 + Level 7.2 Axes
 - Level 7.0 Crossbows
 - Level 2.1 Dodging
 - Level 0.7 Stealth


You had 6 spell levels left.
You didn't know any spells.
Your spell library contained the following spells:

 Spells                   Type           Power      Damage    Failure   Level
 Animate Skeleton         Necr           0%         N/A       50%         1
 Apportation              Tloc           0%         N/A       50%         1
 Sandblast                Erth           0%         2d4       50%         1
 Summon Small Mammal      Summ           0%         N/A       50%         1
 Corpse Rot               Necr/Air       0%         N/A       63%         2
 Ensorcelled Hibernation  Hex/Ice        0%         N/A       63%         2
 Passwall                 Tmut/Erth      0%         N/A       63%         2
 Poisonous Vapours        Pois/Air       0%         N/A       63%         2
 Spider Form              Tmut/Pois      0%         N/A       85%         3
 Stone Arrow              Conj/Erth      0%         3d7       85%         3
 Anguish                  Hex/Necr       0%         N/A       99%         4


Dungeon Overview and Level Annotations

Branches:
Dungeon (4/15)
 Temple: D:4-7

Altars:
Zin

Annotations:
D:4 Edmund


Innate Abilities, Weirdness & Mutations

You are a tree.
Your roots penetrate the ground, keeping you stationary.
You cannot be teleported.
You are immune to unholy pain and torment.
Your maximum health is greatly increased.
Your equipment is partially melded.
((You have a pair of horns on your head.))
((You reflexively headbutt those who attack you in melee.))
You are agile. (Dex +2)
Your spells are a little harder to cast, but a little more powerful.
You expend magic power (3 MP) to strengthen your wands.


Message History

Aim: Edmund, wielding a +4 flail of protection and wearing a +0 ring mail (heavily wounded, 60% to hit, chance to blind on hit: 51%)
You throw an atropa-tipped dart. The atropa-tipped dart hits Edmund.
Edmund resists.
Edmund is heavily wounded.
Edmund hits you with a +4 flail of protection.
Throw: dart (atropa)
Press: ? - help, Q - select action Shift-Dir - straight line, f/p - Edmund
Aim: Edmund, wielding a +4 flail of protection and wearing a +0 ring mail (heavily wounded, 60% to hit, chance to blind on hit: 51%)
You throw an atropa-tipped dart. The atropa-tipped dart hits Edmund.
Edmund resists.
Edmund is heavily wounded.
Edmund hits you with a +4 flail of protection!
You slash Edmund!
Edmund is severely wounded.
Edmund closely misses you.
You hit Edmund.
Edmund is severely wounded.
Edmund says, "People accused me of being a cutpurse!"
Edmund hits you with a +4 flail of protection.
Edmund closely misses you.
It was a potion of cancellation.
You feel magically purged. Edmund completely misses you.
It was a potion of mutation.
You feel extremely strange.
You feel less in control of your magic.
You feel your magical essence link to the dungeon's wands.
You feel agile.
Edmund hits you with a +4 flail of protection!
* * * LOW HITPOINT WARNING * * *
It was a potion of attraction.
You feel attractive to monsters.
Edmund hits you with a +4 flail of protection.
* * * LOW HITPOINT WARNING * * *
It was a potion of lignification.
You turn into a tree.
Your +0 cloak melds into your body.
Your +0 scale mail melds into your body.
Your roots penetrate the ground.
Edmund hits you but does no damage.
You hit Edmund.
Edmund is severely wounded.
Edmund hits you with a +4 flail of protection!
You die...

#.#.#........#(#.......
#.#....#####.#.##.#####
#.###..##....#.....†...
#.###..##.####.....†.##
#......##.# ##.##.#.#
######.##.# #.#..#.#
#.##.# #.#..#.# #@##.#
#.#.†..# ###♣##.#
###....#### #....#.#
#.........# #...÷#.#
#.........# #.<..).#
#......<..# #....###
#.........# #....#
#.........# #....#
########### #....#
######


You could see Edmund.

Vanquished Creatures
  Menkaure (D:4)
  A black bear (D:4)
  A necrophage (D:4)
  An ogre (D:4)
  A jelly (D:2)
  An iguana (D:4)
  Terence (D:2)
  Natasha (twice) (D:4)
  2 howler monkey skeletons (D:4)
  4 adders
  3 worms (D:2)
  3 dart slugs
  An orc (D:3)
  2 bats
  7 endoplasms
  5 giant cockroaches
  8 goblins
  5 hobgoblins
  3 jackals (D:2)
  3 kobolds
  2 quokkas
  4 ball pythons
  4 frilled lizards
  8 rats
73 creatures vanquished.

Notes
Turn   | Place    | Note
-------+----------+-------------------------------------------
     0 | D:1      | bearlyready the Minotaur Hunter began the quest for the
                  | Orb.
     0 | D:1      | Reached XP level 1. HP: 18/18 MP: 0/0
   305 | D:1      | Reached XP level 2. HP: 22/25 MP: 1/1
   378 | D:1      | Reached skill level 5 in Crossbows
   849 | D:2      | Reached XP level 3. HP: 11/30 MP: 2/2
  1272 | D:2      | Reached XP level 4. HP: 33/37 MP: 3/3
  1420 | D:2      | Noticed Terence
  1430 | D:2      | Killed Terence
  1893 | D:2      | Upgraded the game from 0.28-a0-1567-g1695149f81 to
                  | 0.28-a0-1616-g050a50673c
  2062 | D:3      | Identified the +7 mace "Oxkapsut" {vorpal, rPois Dex+2}
  2221 | D:3      | Found a glowing silver altar of Zin.
  2412 | D:3      | Reached XP level 5. HP: 38/42 MP: 4/4
  2577 | D:3      | Reached skill level 1 in Axes
  2745 | D:4      | Noticed Menkaure
  2756 | D:4      | Killed Menkaure
  2757 | D:4      | Reached XP level 6. HP: 27/50 MP: 5/5
  3033 | D:4      | Noticed Natasha
  3045 | D:4      | Killed Natasha
  3224 | D:4      | Reached skill level 5 in Axes
  3285 | D:4      | Reached XP level 7. HP: 50/56 MP: 6/6
  3412 | D:4      | Noticed Natasha
  3421 | D:4      | Killed Natasha
  3619 | D:4      | Noticed Edmund
  3663 | D:4      | Gained mutation: Your spells are a little harder to cast,
                  | but a little more powerful. [potion of mutation]
  3663 | D:4      | Gained mutation: You expend magic power (3 MP) to
                  | strengthen your wands. [potion of mutation]
  3663 | D:4      | Gained mutation: You are agile. (Dex +2) [potion of
                  | mutation]
  3666 | D:4      | Slain by Edmund

Illustrated notes

Levels and vault maps discovered:
D:1:      psy_arrival_dodecagon, layout_rooms
D:2:      layout_basic, minmay_misc_feat_x, uniq_terence
D:3:      layout_loops_cross, overflow_temple_1_default,
          kennysheep_generic_room_6
D:4:      layout_basic, uniq_menkaure, uniq_edmund, uniq_natasha

Skill      XL: |  1  2  3  4  5  6  7 |
---------------+----------------------+-----
Crossbows      | 6 7 |  7.0
Axes           | 4 6 7 |  7.2
Fighting       | |  2.4
Dodging        | |  2.1
Stealth        | |  0.7

Action                   |  1- 3 |  4- 6 |  7- 9 || total
-------------------------+-------+-------+-------++-------
Melee: Short sword       |    69 |    67 |       ||   136
       Headbutt          |    12 |    18 |     8 ||    38
       War axe           |       |    45 |    19 ||    64
       Punch             |       |     2 |     2 ||     4
 Fire: Hand crossbow     |    10 |    11 |       ||    21
Throw: Dart              |       |       |     3 ||     3
  Use: Potion            |       |       |     4 ||     4
Armor: Leather armour    |    24 |       |       ||    24
       Scale mail        |       |    52 |     4 ||    56
       Ring mail         |       |     3 |       ||     3
       Skin              |       |       |     1 ||     1
Dodge: Dodged            |    34 |    86 |    13 ||   133

Table legend: (Time is in decaauts)
 A = Elapsed time spent in this place.
 B = Non-inter-level travel time spent in this place.
 C = Inter-level travel time spent in this place.
 D = Time resting spent in this place.
 E = Time spent auto-exploring this place.
 F = Levels seen in this place.
 G = Mean time per level.
                   A        B        C        D        E       F      G
               +--------+--------+--------+--------+--------+-----+--------+
         Total |   3708 |   3669 |     39 |    316 |   2677 |   4 |  927.0 |
       Dungeon |   3708 |   3669 |     39 |    316 |   2677 |   4 |  927.0 |
               +--------+--------+--------+--------+--------+-----+--------+

Top non-repeatable levels by time:
     D:2: 1240 daAuts
     D:3: 839 daAuts
     D:4: 822 daAuts
     D:1: 806 daAuts
